AoeStats
← Macabros

Black Forest

509893074Analyzed
2v2 RM · 5d ago on Sep 28, 2026· 54m 35s· 4 players
Game mode
Random Map
Map size
Medium (4 player)
Population
200
Speed
Normal
Resources
Standard
Victory
Conquest
Starting age
Dark Age
Ending age
Imperial Age
RankedLock teamsTeams togetherTeam positionsShared explorationLock speedFull tech treeHidden civsTurbo modeCheats
Victory
Defeat
🇩🇪 Persians · Germany
890
+13
🇩🇪 Ethiopians · Germany
884
+13
🇦🇷 Franks · Argentina
834
-13
🇪🇸 Persians · Spain
825
-13
alb_236
0:28 Loom
16:10 Feudal Age
16:45 Double-Bit Axe
16:48 Horse Collar
25:44 Castle Age
25:14 Fletching
25:27 Padded Archer Armor
25:49 Crossbowman
26:35 Thumb Ring
27:21 Stone Mining
28:28 Bodkin Arrow
37:48 Imperial Age
36:16 Bow Saw
37:07 Heavy Plow
37:47 Wheelbarrow
39:21 Chemistry
38:44 Ballistics
39:02 Kamandaran
40:16 Hand Cart
40:57 Town Watch
42:10 Town Patrol
43:02 Leather Archer Armor
42:48 Scale Mail Armor
43:04 Masonry
42:50 Murder Holes
43:17 Citadels
47:36 Light Cavalry
48:26 Bloodlines
54:04 Husbandry
GnzDeac
9:47 Feudal Age
10:59 Double-Bit Axe
20:30 Castle Age
30:24 Wheelbarrow
32:47 Town Watch
36:52 Hand Cart
37:37 Gold Mining
37:37 Stone Mining
39:22 Coinage
38:52 Caravan
40:32 Fortified Wall
40:33 Masonry
40:03 Treadmill Crane
40:37 Town Patrol
40:57 Bow Saw
45:26 Imperial Age
43:34 Ballistics
43:38 Pikeman
46:47 Light Cavalry
Macabros
12:02 Feudal Age
14:01 Double-Bit Axe
16:52 Castle Age
22:09 Padded Archer Armor
22:00 Fletching
22:08 Crossbowman
25:14 Squires
24:59 Arson
31:12 Leather Archer Armor
30:53 Bodkin Arrow
36:37 Imperial Age
34:45 Wheelbarrow
33:57 Town Watch
33:58 Loom
37:09 Arbalester
38:26 Royal Heirs
39:47 Ballistics
39:38 Fortified Wall
40:40 Onager
41:22 Murder Holes
41:41 Scale Mail Armor
43:29 Thumb Ring
46:51 Siege Onager
49:32 Elite Shotel Warrior
50:46 Ring Archer Armor
50:17 Bracer
50:34 Chain Mail Armor
52:19 Halberdier
54:42 Plate Mail Armor
54:23 Forging
54:19 Scale Barding Armor
Mr. Lais
1:24 Loom
11:48 Feudal Age
12:17 Double-Bit Axe
12:24 Man-at-Arms
13:30 Man-at-Arms
16:00 Scale Mail Armor
18:05 Arson
21:54 Castle Age
21:01 Forging
25:22 Horse Collar
26:47 Gold Mining
26:58 Stone Mining
27:05 Stone Mining
28:33 Gold Shaft Mining
30:36 Wheelbarrow
32:54 Stone Shaft Mining
32:31 Bow Saw
35:53 Imperial Age
34:52 Husbandry
35:04 Caravan
36:09 Bloodlines
36:07 Scale Barding Armor
36:38 Iron Casting
36:08 Devotion
36:26 Hand Cart
37:25 Chemistry
38:43 Conscription
37:50 Elite War Elephant
38:32 Town Watch
39:04 Masonry
39:46 Ballistics
41:48 Town Patrol
42:21 Faith
50:01 Cavalier
53:45 Citadels
54:12 Hoardings
54:04 Chain Barding Armor
54:45 Blast Furnace
54:19 Coinage
54:01 Guilds
54:24 Architecture
53:57 Savar
Connection lost

Rejoining the realm…

Still unreachable

The connection could not be restored.

Session expired

The server has moved on; the page needs a fresh start.